 Dungeon Crawl Stone Soup version 0.30.0-29-ga12c61a403 (webtiles) character file.

Game seed: 15900169055165466535

32211 Graphine the Nimble (level 13, 0/109 HPs)
             Began as a Merfolk Brigand on June 22, 2023.
             Was an Elder of Dithmenos.
             Slain by a boulder beetle (13 damage)
             ... on level 13 of the Dungeon.
             The game lasted 00:53:09 (18789 turns).

Graphine the Nimble (Merfolk Brigand)              Turns: 18789, Time: 00:53:10

Health: 0/109      AC: 11    Str: 12    XL:     13   Next: 63%
Magic:  18/18      EV: 25    Int: 11    God:    Dithmenos [****..]
Gold:   901        SH:  0    Dex: 25    Spells: 12/12 levels left

rFire   . . .        a - +8 dagger (heavy)
rCold   . . .        (no shield)
rNeg    + . .        z - +3 leather armour {rPois}
rPois   +            b - +0 helmet
rElec   .            q - +2 cloak {Stlth+}
rCorr   .            (no gloves)
SInv    .            C - +0 pair of boots
Will    .....        S - macabre finger necklace {Finger+ rN+} Stlth *+++++++++
                     m - +6 ring of dexterity
HPRegen 0.38/turn    (no ring)
MPRegen 0.16/turn    (no ring)

%: no passive effects
@: wreathed by umbra
A: (nimble swimmer 2), mertail
a: Renounce Religion, Shadow Step


You were on level 13 of the Dungeon.
You worshipped Dithmenos.
Dithmenos was greatly pleased with you.
You visited 3 branches of the dungeon, and saw 17 of its levels.
You also visited: Sewer.

You collected 1860 gold pieces.
You spent 959 gold pieces at shops.

Inventory:

Hand Weapons
 a - a +8 heavy dagger (weapon)
 y - the +0 rapier of Indomitability {pain, rF+ rC+}
   (You found it in a sewer)

   rF:        It protects you from fire.
   rC:        It protects you from cold.
 B - a +5 scimitar
 O - the +5 whip of the Pits of Slime {freeze, rPois Will++ Int-5}
   (You found it on level 12 of the Dungeon)

   Int:       It affects your intelligence (-5).
   rPois:     It protects you from poison.
   Will:      It greatly increases your willpower.
Missiles
 d - 26 poisoned darts (quivered)
 r - 3 javelins
 t - 2 throwing nets
 R - 3 silver boomerangs
Armour
 b - a +0 helmet (worn)
 l - an orb of mayhem
 q - a +2 cloak of stealth (worn)
 z - a +3 leather armour of poison resistance (worn)
 C - a +0 pair of boots (worn)
Jewellery
 m - a +6 ring of dexterity (left hand)
 w - a ring of fire
 K - a +6 ring of strength
 M - a ring of ice
 S - the macabre finger necklace (around neck) {Finger+ rN+}
   (You bought it in a shop on level 11 of the Dungeon)

   [amulet of nothing]

   Finger+:   It enables you to equip an extra ring.
   rN:        It protects you from negative energy.
Wands
 v - a wand of flame (17)
 G - a wand of charming (5)
Scrolls
 g - 5 scrolls of amnesia
 h - a scroll of fog
 p - 5 scrolls of teleportation
 D - 2 scrolls of noise
 E - a scroll of magic mapping
 J - 5 scrolls of enchant armour
 P - 3 scrolls of fear
Potions
 c - 2 potions of magic {unknown}
 e - a potion of resistance {unknown}
 f - a potion of curing
 i - 3 potions of haste
 j - 2 potions of cancellation
 k - 5 potions of flight
 u - a potion of attraction
 A - 3 potions of mutation
 H - a potion of berserk rage {unknown}
 I - a potion of lignification {unknown}
 L - 2 potions of degeneration {unknown}
 N - 2 potions of ambrosia {unknown}
 Q - a potion of brilliance {unknown}


   Skills:
 * Level 12.6 Fighting
 + Level 9.8 Short Blades
 - Level 6.0 Throwing
 * Level 14.8 Dodging
 * Level 14.1 Stealth
 + Level 7.8 Invocations


You had 12 spell levels left.
You didn't know any spells.
Your spell library contained the following spells:

 Spells                   Type           Power      Damage    Failure   Level
 Magic Dart               Conj           0%         1d3       41%         1
 Call Imp                 Summ           0%         N/A       56%         2
 Inner Flame              Hex/Fire       0%         N/A       80%         3
 Mephitic Cloud           Conj/Pois/Air  0%         N/A       80%         3
 Ozocubu's Armour         Ice            0%         N/A       80%         3
 Animate Dead             Necr           0%         N/A       99%         4
 Manifold Assault         Tloc           0%         N/A       99%         4
 Summon Ice Beast         Ice/Summ       0%         N/A       99%         4
 Borgnjor's Vile Clutch   Necr/Erth      0%         N/A       100%        5
 Metabolic Englaciation   Hex/Ice        0%         N/A       100%        5
 Summon Mana Viper        Hex/Summ       0%         N/A       100%        5
 Yara's Violent Unravell  Hex/Tmut       0%         3d3       100%        5
 Death Channel            Necr           0%         N/A       100%        6
 Dispersal                Tloc           0%         N/A       100%        6
 Simulacrum               Ice/Necr       0%         N/A       100%        6
 Enfeeble                 Hex            0%         N/A       100%        7
 Monstrous Menagerie      Summ           0%         N/A       100%        7
 Ozocubu's Refrigeration  Ice            0%         4d7       100%        7
 Disjunction              Tloc           0%         N/A       100%        8


Dungeon Overview and Level Annotations

Branches:
Dungeon (14/15)            Temple (1/1) D:6            Lair (0/5) D:11
    Orc (2/2) D:9             Elf (0/3) Orc:2        Vaults (0/5) D:14
  Sewer (visited)

Altars:
Ashenzari
Cheibriados
Dithmenos
Gozag
Hepliaklqana
Kikubaaqudgha
Makhleb
Nemelex Xobeh
Okawaru
Qazlal
Ru
Sif Muna
Trog
Uskayaw
Vehumet
Wu Jian
Xom
Yredelemnul
Zin

Shops:
D:3 [   D:4 (   D:9 [   D:11 =   D:12 *   Orc:1 :(   Orc:2 :(:?*

Annotations:
D:12 3 runed translucent doors, Quickbrownfox's ghost, journeyman DsCj
D:14 Rupert; Urug


Innate Abilities, Weirdness & Mutations

((You are very nimble when in or above water. (Stealth+, EV+, Speed+++)))
Your lower body shifts to a powerful aquatic tail in water.


Message History

The boulder beetle is severely wounded.
The boulder beetle bites you!
* * * LOW HITPOINT WARNING * * *
You hit the boulder beetle but do no damage.
The boulder beetle is severely wounded.
Your shadow hits the boulder beetle but does no damage.
You hit the boulder beetle.
The boulder beetle is severely wounded.
The boulder beetle bites you!
* * * LOW HITPOINT WARNING * * *
Throw: 30 darts (poison)
Press: ? - help, Q - select action, (/) - cycle Shift-Dir - straight line, f/p - boulder beetle
Aim: a boulder beetle (severely wounded, poisoned, slow, umbra, 92% to hit)
You throw a poisoned dart.
The poisoned dart hits the boulder beetle!
The boulder beetle looks even sicker.
The boulder beetle is severely wounded.
Throw: 29 darts (poison)
Press: ? - help, Q - select action, (/) - cycle Shift-Dir - straight line, f/p - boulder beetle
Aim: a boulder beetle (severely wounded, very poisoned, slow, umbra, 92% to hit)
You throw a poisoned dart.
The poisoned dart barely misses the boulder beetle.
The boulder beetle is no longer moving slowly.
The boulder beetle completely misses you.
Throw: 28 darts (poison)
Press: ? - help, Q - select action, (/) - cycle Shift-Dir - straight line, f/p - boulder beetle
Aim: a boulder beetle (almost dead, very poisoned, umbra, 92% to hit)
You throw a poisoned dart.
The poisoned dart hits the boulder beetle!
The boulder beetle looks as sick as possible!
The boulder beetle is almost dead.
Throw: 27 darts (poison)
Press: ? - help, Q - select action, (/) - cycle Shift-Dir - straight line, f/p - boulder beetle
Aim: a boulder beetle (almost dead, extremely poisoned, umbra, 92% to hit)
You throw a poisoned dart.
The poisoned dart hits the boulder beetle!
The boulder beetle looks as sick as possible!
The boulder beetle is almost dead.
The boulder beetle bites you!
You die...

..##......##.##### #..
####......##.# #.#
..........##.# ##########)#
###.......##.# #...........
#........#.# #.########.#
#......#.#.#######
#.########.#
#.#+####.#.......#
#........#.#
###.#.####.#######.#
#..#####.#.#
..)......(.....B@#.#
#(.#.....#.#
###.#.####.#####.#.#
#..#.#####.# #.#.####.#
#.#.# #........#.#
###.#......###
#.#.###.##.###.#.#
.............###.#......#.#
#.#.#
........................#.#
#.#.#
.............###........#.#
#.#.# .............#
#.########.# #.#.#
...........).# #.#
#.###.#.#


You could see a boulder beetle (extremely poisoned).

Vanquished Creatures
  Nessos (D:12)
  Erolcha (Orc:2)
  A centaur warrior (D:13)
  A hydra (D:12)
  A boulder beetle (D:11)
  3 two-headed ogres
  3 orc knights
  2 deep elf pyromancers
  5 cyclopes
  The ghost of purpleHaze the Trooper, a novice DjHW of Ashenzari (D:5)
  10 orc sorcerers
  5 ugly things
  An oklob plant (D:11)
  2 manticores
  Maurice (Orc:2)
  4 gargoyles
  An unseen horror zombie (D:9)
  2 unseen horrors (D:12)
  2 kobold demonologists
  A komodo dragon (D:12)
  9 trolls
  A wind drake (shapeshifter) (D:13)
  A slime creature (D:12)
  6 wraiths
  14 yaks
  4 vampire mosquitoes (D:12)
  A basilisk (D:12)
  2 wargs (Orc:2)
  2 acid dragons (D:12)
  4 black bears
  A hornet zombie (D:8)
  16 orc warriors
  Pargi (Sewer)
  2 ice beasts
  7 ogres
  2 phantoms (D:4)
  4 centaurs
  4 kobold brigands
  4 bullfrogs
  A gnoll sergeant (D:12)
  7 wights
  11 killer bees
  2 howler monkeys
  A centaur zombie (D:8)
  An iron imp (D:10)
  3 hounds
  12 orc priests
  A gnoll bouda (D:7)
  8 iguanas
  31 orc wizards
  3 killer bee zombies (D:8)
  3 howler monkey zombies
  6 adders
  13 gnolls
  A shadow imp (D:6)
  A white imp (D:5)
  3 ufetubi
  A worm (D:6)
  2 dart slugs
  69 orcs
  5 endoplasms
  3 giant cockroaches
  6 goblins
  4 hobgoblins
  3 jackals (D:1)
  6 quokkas
  6 ball pythons
  9 bats
  4 frilled lizards
  27 kobolds
  8 rats
  A spectral orc (D:3)
395 creatures vanquished.

Vanquished Creatures (others)
  A troll (Orc:2)
  An orc wizard (Orc:2)
2 creatures vanquished.

Grand Total: 397 creatures vanquished

Notes
Turn   | Place    | Note
-------+----------+-------------------------------------------
     0 | D:1      | Graphine the Merfolk Brigand began the quest for the Orb.
     0 | D:1      | Reached XP level 1. HP: 16/16 MP: 1/1
   250 | D:1      | Reached XP level 2. HP: 22/23 MP: 2/2
   893 | D:2      | Reached XP level 3. HP: 28/28 MP: 3/3
   972 | D:2      | Found a faded altar of an unknown god.
  1057 | D:2      | Identified the +1 dagger of Bespelled Punishment {flame,
                  | Dex+3}
  1809 | D:3      | Found a sacrificial altar of Ru.
  1902 | D:3      | Reached skill level 5 in Stealth
  2010 | D:3      | Reached XP level 4. HP: 34/34 MP: 4/4
  2151 | D:3      | Found an ornate altar of the Wu Jian Council.
  2278 | D:3      | Found a transporter.
  2282 | D:3      | Found Ojadd's Antique Armour Emporium.
  2313 | D:3      | Found a transporter.
  2349 | D:3      | Bought a glowing cloak for 142 gold pieces
  2476 | D:3      | Found a hazy altar of Hepliaklqana.
  2507 | D:3      | Found an opulent altar of Gozag.
  2507 | D:3      | Found a shimmering altar of Xom.
  2507 | D:3      | Found an ancient bone altar of Kikubaaqudgha.
  2571 | D:4      | Found Qeinieb's Weapon Shop.
  2599 | D:4      | Noticed a phantom
  2614 | D:4      | Killed a phantom
  2615 | D:4      | Reached XP level 5. HP: 32/41 MP: 5/5
  2956 | D:4      | Noticed a phantom
  2977 | D:4      | Killed a phantom
  2978 | D:4      | Reached XP level 6. HP: 32/48 MP: 6/6
  3050 | D:4      | Found a hide-covered altar of Uskayaw.
  3461 | D:4      | Reached XP level 7. HP: 35/54 MP: 7/7
  3525 | D:4      | Reached skill level 5 in Dodging
  3951 | D:5      | Entered Level 5 of the Dungeon
  4328 | D:5      | You fall into a shaft and drop 3 floors!
  4401 | D:8      | Reached skill level 5 in Fighting
  4481 | D:6      | Found an iron altar of Okawaru.
  4587 | D:6      | Reached XP level 8. HP: 62/62 MP: 8/8
  5066 | D:6      | Found a staircase to the Ecumenical Temple.
  5092 | D:6      | Found a glowing drain.
  5101 | Sewer    | Entered a sewer
  5174 | Sewer    | Noticed Pargi
  5176 | Sewer    | Killed Pargi
  5182 | Sewer    | Identified the +0 rapier of Indomitability {pain, rF+ rC+}
  5706 | D:3      | Bought a runed leather armour for 95 gold pieces
  5788 | D:5      | Found a runed translucent door.
  5788 | D:5      | Noticed purpleHaze's ghost (novice DjHW)
  6044 | Temple   | Entered the Ecumenical Temple
  6069 | Temple   | Became a worshipper of Dithmenos the Shadowed
  6296 | D:7      | Noticed a two-headed ogre
  6297 | D:7      | Noticed a wraith
  6616 | D:7      | Found a bloodstained altar of Trog.
  6618 | D:7      | Found a burning altar of Makhleb.
  6618 | D:7      | Found a broken altar of Ashenzari.
  6620 | D:7      | Found a sparkling altar of Nemelex Xobeh.
  6621 | D:7      | Found a glowing silver altar of Zin.
  6716 | D:7      | Reached skill level 1 in Invocations
  6729 | D:7      | Reached skill level 5 in Short Blades
  6758 | D:7      | Reached XP level 9. HP: 69/69 MP: 9/9
  7789 | D:8      | Reached * piety under Dithmenos
  7803 | D:8      | Reached skill level 5 in Throwing
  8026 | D:9      | Noticed a troll
  8063 | D:9      | Reached XP level 10. HP: 79/79 MP: 12/12
  8158 | D:9      | Found a staircase to the Orcish Mines.
  8750 | D:9      | Found Diegh's Antique Armour Shoppe.
  8953 | D:9      | Reached skill level 10 in Stealth
  8978 | D:9      | Found a basalt altar of Yredelemnul.
  9112 | D:10     | Entered Level 10 of the Dungeon
  9175 | D:10     | Reached skill level 10 in Dodging
  9280 | D:10     | Found a snail-covered altar of Cheibriados.
  9359 | D:10     | Found a shimmering blue altar of Sif Muna.
  9448 | D:10     | Noticed a kobold demonologist
  9455 | D:10     | Noticed a sixfirhy
  9457 | D:10     | Noticed a soul eater
  9459 | D:10     | Noticed a soul eater
  9459 | D:10     | Killed a kobold demonologist
  9555 | D:10     | Noticed a gargoyle
  9562 | D:10     | Killed a gargoyle
  9592 | D:10     | Reached ** piety under Dithmenos
  9614 | D:10     | Noticed a deep elf pyromancer
  9641 | D:10     | Killed a deep elf pyromancer
  9642 | D:10     | Reached XP level 11. HP: 70/89 MP: 14/14
  9980 | D:11     | Found Laikic's Jewellery Boutique.
 10157 | D:11     | Noticed an oklob plant
 10168 | D:11     | Found a staircase to the Lair.
 10172 | D:11     | Killed an oklob plant
 10354 | D:11     | Noticed a cyclops
 10358 | D:11     | Killed a cyclops
 10359 | D:11     | Reached skill level 5 in Invocations
 10454 | D:11     | Noticed a cyclops
 10466 | D:11     | Killed a cyclops
 10586 | D:11     | Noticed a boulder beetle
 10590 | D:11     | Killed a boulder beetle
 10634 | D:11     | Bought the macabre finger necklace {Finger+ rN+} for 400
                  | gold pieces
 10634 | D:11     | Found the macabre finger necklace {Finger+ rN+}
 10639 | D:12     | Noticed a two-headed ogre
 10654 | D:12     | Killed a two-headed ogre
 10877 | Orc:1    | Entered Level 1 of the Orcish Mines
 10877 | Orc:1    | Noticed an orc knight
 10877 | Orc:1    | Found Deforov's Book Boutique.
 10913 | D:9      | Killed an orc knight
 11144 | Orc:1    | Reached skill level 10 in Fighting
 11260 | Orc:1    | Reached *** piety under Dithmenos
 11286 | Orc:1    | Noticed an orc knight
 11290 | Orc:1    | Noticed an orc sorcerer
 11313 | Orc:1    | Killed an orc knight
 11314 | Orc:1    | Paralysed by an orc sorcerer for 4 turns
 11326 | Orc:1    | Killed an orc sorcerer
 11488 | Orc:1    | Found Ahua's Firing Range.
 11611 | Orc:2    | Entered Level 2 of the Orcish Mines
 12091 | Orc:2    | Noticed Maurice
 12095 | Orc:2    | Reached XP level 12. HP: 98/98 MP: 16/16
 12170 | Orc:2    | Found a staircase to the Elven Halls.
 12220 | Orc:2    | Killed Maurice
 12565 | Orc:2    | Found Lafuoghu's Magic Scroll Boutique.
 12727 | Orc:2    | Bought a scroll of enchant weapon for 120 gold pieces
 12727 | Orc:2    | Bought a scroll of enchant weapon for 120 gold pieces
 12742 | Orc:2    | Found an ancient bone altar of Kikubaaqudgha.
 12744 | Orc:2    | Paralysed by an orc sorcerer for 4 turns
 12866 | Orc:2    | Found Junku's Assorted Antiques.
 13006 | Orc:2    | Paralysed by an orc sorcerer for 5 turns
 13103 | Orc:2    | Found a radiant altar of Vehumet.
 13159 | Orc:2    | Noticed Erolcha
 13162 | Orc:2    | Found Laqu's Book Boutique.
 13170 | Orc:2    | Killed Erolcha
 13170 | Orc:2    | Reached **** piety under Dithmenos
 13624 | Orc:2    | Found Sarum's Antique Weapon Boutique.
 13624 | Orc:2    | Found Osiuz's Book Shop.
 13850 | Orc:1    | Noticed a two-headed ogre
 13992 | Orc:2    | Killed a two-headed ogre
 14347 | Orc:1    | You fall into a shaft and drop 1 floor!
 14939 | D:5      | Killed purpleHaze's ghost
 15482 | D:12     | Found a runed translucent door.
 15483 | D:12     | Found a runed translucent gate.
 15483 | D:12     | Found a runed translucent gate.
 15484 | D:12     | Found a runed translucent gate.
 15490 | D:12     | Noticed Quickbrownfox's ghost (journeyman DsCj)
 15582 | D:12     | Found a runed translucent door.
 15586 | D:12     | Noticed a five-headed hydra
 15593 | D:12     | Killed a five-headed hydra
 15752 | D:12     | Reached XP level 13. HP: 107/107 MP: 18/18
 16025 | D:12     | Identified the +7 flail of Fedhas's Scorn {heavy, rPois
                  | Will+ Str+2 Dex-2}
 16130 | D:12     | Noticed Nessos
 16137 | D:12     | Killed Nessos
 16141 | D:12     | Identified the +5 whip of the Pits of Slime {freeze, rPois
                  | Will++ Int-5}
 16288 | D:12     | Found Waxtames's General Store.
 16292 | D:12     | Bought a scroll of enchant armour for 82 gold pieces
 18429 | D:14     | Noticed Urug
 18429 | D:14     | Noticed Rupert
 18429 | D:14     | Found a gate to the Vaults.
 18789 | D:13     | Slain by a boulder beetle

Illustrated notes

Levels and vault maps discovered:
D:1:      dpeg_arrival_shelter, layout_basic
D:2:      layout_basic, hellmonk_ecumenical_altar_defaced_shrine, minivault_14,
          serial_bayou_pond_a, grunt_ministairs_1
D:3:      layout_basic, nicolae_hepliaklqana_monster_ancestors,
          lemuel_doored_altar, mainiacjoe_overflow_chevrons,
          gammafunk_temple_overflow_forgotten, serial_shops,
          nicolae_shop_drivethru
D:4:      layout_basic, nicolae_uskayaw_suspiria, serial_shops,
          nicolae_shop_statue_plus
D:5:      layout_basic, gammafunk_ghost_grave
D:6:      layout_layer_cave, okawaru_ov_weapons_minmay,
          minmay_temple_entry_proselytizer, cheibrodos_sewer_entry_bend,
          nrook_loot_triangle
D:7:      layout_basic, grunt_temple_overflow_open, minmay_door_square,
          lightli_corner_chamber
D:8:      layout_loops_ring, serial_undead, serial_undead_f, serial_undead_a,
          serial_undead_c, serial_undead_d
D:9:      layout_cave_pools, lemuel_zombie_altar_yredelemnul, orc_0_dummy,
          serial_shops, nicolae_shop_just_a_little_nook
D:10:     nicolae_cairo_tiling_large_dashed, layout_irregular_city,
          chei_slow_surprise, lemuel_crystal_altar
D:11:     layout_roguey, dpeg_oklobed_lair, serial_shops, nicolae_stop_n_shop_1
D:12:     cheibrodos_histonic, layout_layer_cave, gammafunk_ghost_spectres,
          serial_shops, shop, drop_trap, small_statue_intersection, uniq_nessos
D:13:     layout_basic
D:14:     layout_basic, david_vaults_3, serial_glass, glass_columns_b,
          glass_columns_c, glass_columns_a, glass_columns_c,
          due_unseen_surprise, item_on_display_b
Temple:   hellmonk_temple_beads
Orc:1:    layout_caves, serial_shops, nicolae_shop_tiny_waterfront,
          nicolae_shop_firing_range
Orc:2:    kennysheep_orc_mage_school, layout_caves, serial_shops,
          nicolae_shop_pleasant_corner_grove, uniq_maurice

Skill      XL: |  1  2  3  4  5  6  7  8  9 10 11 12 13 |
---------------+----------------------------------------+-----
Dodging        | 2 3 4 5 7 8 10 12 13 14 | 14.8
Stealth        | 5 6 8 9 10 11 13 14 | 14.1
Fighting       | 3 4 5 6 7 9 10 11 12 | 12.6
Short Blades   | 3 4 5 6 7 8 9 |  9.8
Throwing       | 3 4 5 6 |  6.0
Invocations    | 1 3 4 5 7 |  7.8

Action                     |  1- 3 |  4- 6 |  7- 9 | 10-12 | 13-15 || total
---------------------------+-------+-------+-------+-------+-------++-------
  Melee: Dagger            |   113 |   115 |   389 |   700 |   159 ||  1476
         Punch             |     2 |     3 |     6 |    12 |       ||    23
         Tailslap          |       |       |     7 |       |       ||     7
  Throw: Dart              |       |    13 |    48 |   106 |    19 ||   186
         Javelin           |       |       |       |     1 |       ||     1
  Evoke: Wand              |       |       |     1 |     7 |       ||     8
    Use: Scroll            |     6 |     4 |    11 |    14 |     1 ||    36
         Potion            |       |       |     2 |     8 |     1 ||    11
   Stab: Sleeping          |    14 |     8 |    26 |    37 |    16 ||   101
         Distracted        |       |       |     2 |     2 |     1 ||     5
         Invisible         |       |       |    10 |    12 |       ||    22
 Armour: Robe              |    23 |    21 |    13 |       |       ||    57
         Leather armour    |       |       |    48 |   207 |    33 ||   288
  Dodge: Dodged            |    62 |    71 |   257 |   971 |   120 ||  1481
